 Dungeon Crawl Stone Soup version 0.25-a0-190-g27fffb8c76 (webtiles) character file.

Game seed: 15660284180429664897, levelgen mode: deterministic

1737036 hydraslayer the Axe Maniac (level 26, 232/266 HPs)
             Began as a Minotaur Berserker on Nov 10, 2019.
             Was the Champion of Trog.
             Escaped with the Orb
             ... and 3 runes on Nov 30, 2019!
             The game lasted 04:32:15 (65053 turns).

hydraslayer the Axe Maniac (Minotaur Berserker)    Turns: 65053, Time: 04:32:16

Health: 232/266    AC: 44    Str: 35    XL:     26   Next: 80%
Magic:  5/22       EV: 21    Int:  8    God:    Trog [******]
Gold:   7263       SH:  0    Dex: 20    Spells: 25/25 levels left

rFire    + . .     SeeInvis +   Q - +8 frozen axe "Frostbite" {freezing cloud, *Noise +Fly rC+}
rCold    + + +     Gourm    .   (shield currently unavailable)
rNeg     + . .     Faith    .   n - +9 crystal plate armour
rPois    +         Spirit   .   I - -2 hat of the Alchemist {rElec rPois rF+ rC+ rN+ MR+ rMut rCorr}
rElec    +         Reflect  .   f - +2 cloak {rC+}
rCorr    +         Harm     .   C - +3 pair of gloves "Col Dooghut" {Slay+5}
rMut     +                      y - +2 pair of boots of Words of Power {Str+3 Int+4 Dex+3}
MR       +++..                  g - amulet of regeneration
Stlth    +.........             j - ring "Pileniurib" {rC+ SInv Stlth+}
HPRegen  0.94/turn              U - ring "Biff" {MR+ Str+3 Dex+4}
MPRegen  0.18/turn

@: no status effects
A: retaliatory headbutt, horns 2, deformed body, weak 1
0: Orb of Zot
}: 3/15 runes: decaying, silver, gossamer
a: Berserk, Trog's Hand, Brothers in Arms, Renounce Religion, Evoke Flight


You escaped.
You worshipped Trog.
Trog was exalted by your worship.
You were not hungry.

You visited 8 branches of the dungeon, and saw 46 of its levels.
You also visited: Ossuary, Bailey, Gauntlet and Ice Cave.

You collected 8958 gold pieces.
You spent 1695 gold pieces at shops.


Innate Abilities, Weirdness & Mutations

You reflexively headbutt those who attack you in melee.
You have a pair of horns on your head.
Armour fits poorly on your strangely shaped body.
You are weak. (Str -2)


   Skills:
 O Level 27 Fighting
 O Level 27 Axes
 O Level 27 Armour
 + Level 18.3 Dodging
 + Level 17.4 Stealth


You had 25 spell levels left.
You didn't know any spells.
Your spell library was empty.

Inventory:

Hand Weapons
 w - a +9 antimagic executioner's axe {god gift}
 Q - the +8 frozen axe "Frostbite" (weapon) {freezing cloud, *Noise +Fly rC+}
   (You acquired it on level 1 of the Realm of Zot)

   It has been specially enchanted to freeze those struck by it, causing extra
   injury to most foes and up to half again as much damage against particularly
   susceptible opponents.
   It can also slow down cold-blooded creatures.
   It protects you from cold.
   It lets you fly.
   It may make noises in combat.
Armour
 f - a +2 cloak of cold resistance (worn)
 n - a +9 crystal plate armour (worn)
 y - the +2 pair of boots of Words of Power (worn) {Str+3 Int+4 Dex+3}
   (You found it on level 5 of the Vaults)

   It affects your strength (+3).
   It affects your intelligence (+4).
   It affects your dexterity (+3).
 C - the +3 pair of gloves "Col Dooghut" (worn) {Slay+5}
   (You acquired it on level 1 of the Vaults)

   It affects your accuracy and damage with ranged weapons and melee attacks
   (+5).
 I - the -2 hat of the Alchemist (worn) {rElec rPois rF+ rC+ rN+ MR+ rMut rCorr}
   (You acquired it on level 5 of the Depths)

   It protects you from fire.
   It protects you from cold.
   It insulates you from electricity.
   It protects you from poison.
   It protects you from negative energy.
   It affects your resistance to hostile enchantments.
   It provides partial protection from all sources of acid and corrosion.
   It protects you from mutation.
Magical Staves
 A - an uncursed staff of power {!a, unknown}
Jewellery
 g - an amulet of regeneration (around neck)
 j - the ring "Pileniurib" (left hand) {rC+ SInv Stlth+}
   (You found it on level 6 of the Lair of Beasts)

   [ring of protection from cold]

   It protects you from cold.
   It lets you see invisible.
   It makes you more stealthy.
 F - an uncursed ring of protection from fire
 R - the amulet "Berisyt" {Faith Stlth+}
   (You took it off a white draconian on level 5 of the Realm of Zot)

   [amulet of faith]

   It allows you to gain divine favour quickly.
   It makes you more stealthy.
 U - the ring "Biff" (right hand) {MR+ Str+3 Dex+4}
   (You took it off a minotaur in a Gauntlet)

   [ring of dexterity]

   It affects your strength (+3).
   It affects your dexterity (+4).
   It affects your resistance to hostile enchantments.
Wands
 e - a wand of paralysis (4)
 v - a wand of clouds (6)
 B - a wand of enslavement (25)
 D - a wand of polymorph (9)
 E - a wand of acid (55)
 K - a wand of flame (29)
 N - a wand of disintegration (9)
 Z - a wand of digging (9)
Scrolls
 a - 7 scrolls of blinking
 b - 7 scrolls of teleportation {@r4}
 o - 6 scrolls of magic mapping
 p - a scroll of silence {!r}
 u - 7 scrolls of fear
 x - 10 scrolls of fog
 H - 5 scrolls of vulnerability {!r}
 J - 11 scrolls of identify {@r1}
 O - 15 scrolls of remove curse {@r2}
 P - a scroll of acquirement
Potions
 d - 5 potions of might
 h - 3 potions of flight
 i - a potion of haste {@q3}
 k - 3 potions of heal wounds {@q2}
 m - 2 potions of brilliance
 q - 8 potions of ambrosia
 r - 3 potions of mutation {!q}
 t - a potion of cancellation
 z - 4 potions of agility
 G - 15 potions of curing {@q1}
 S - 3 potions of magic
 T - 4 potions of invisibility
 V - 2 potions of resistance
 W - 3 potions of berserk rage {!q}
 X - 8 potions of lignification {!q}
Miscellaneous
 l - a phantom mirror
 L - a lightning rod (4/4)
 M - a phial of floods
 Y - a lamp of fire
Comestibles
 c - 58 rations {@e1}

Dungeon Overview and Level Annotations

Branches:
Dungeon (15/15)            Temple (0/1) D:4            Lair (6/6) D:9
  Swamp (4/4) Lair:4       Spider (4/4) Lair:2        Slime (0/5) Lair:6
    Orc (2/2) D:10            Elf (0/3) Orc:2        Vaults (5/5) D:14
  Crypt (0/3) Vaults:3     Depths (5/5) D:15            Zot (5/5) Depths:5
Ossuary (visited)          Bailey (visited)           IceCv (visited)
Gauntlet (visited)

Altars:
Cheibriados
Elyvilon
Gozag
Kikubaaqudgha
Nemelex Xobeh
Qazlal
Vehumet
Yredelemnul
The Shining One
Beogh

Shops:
D:6 }   D:11 %   D:15 *   Orc:1 *   Orc:2 !%![   Vaults:2 %(=(*(   Vaults:4 [
Depths:5 [[

Portals:
Hell: Depths:1 Depths:2 Depths:3 Depths:4 Depths:5
Abyss: Depths:1 Depths:4
Pandemonium: Depths:1 Depths:2 Depths:3
Ziggurat: Depths:4
Trove: D:15 (give 6 scrolls of blinking)

Annotations:
Depths:2 2 transporters
Depths:3 2 transporters, exclusion: obsidian statue
Zot:4 3 runed translucent doors, Apoo's ghost, legendary DsEn

#################.....##.#...##
#...#...#.(.#.@.#.....##.....#
#...#...#..P#.&.#...#.####.#.#
##'###'###'###'##..##.# #)#.#
#...............#'###.####.#.#
#P..............'.# #........#
#P..............#)# ######.###
##'###รท###'###'##.########.#
#...#...#..P#P..#.......##.#
#...#...#...#...#...###.##.#
#################....##.##.#
#.#######.............#
#.........####..##.####
########### #.###.# #.###.#
#.....# #######


You could see Jazimny.


Message History

(Z) Zot
Where to? (Enter - D:8 @ (x,y), ? - help)
You climb downwards.
There is a stone staircase leading up here.
You climb upwards.
There is a stone staircase leading down here.
(D) Dungeon (T) Temple (L) Lair (S) Swamp (N) Spider Nest (M) Slime Pits (O) Orcish Mines (E) Elven Halls (V) Vaults (C) Crypt (U) Depths (H) Hell (Z) Zot
Where to? (Enter - D:8 @ (x,y), ? - help)
What level of the Dungeon? (default 1, ? - help)
There is a stone staircase leading up here.
You climb upwards.
There is a stone staircase leading down here.
Magic restored.
There is a stone staircase leading up here.
You climb upwards.
There is a stone staircase leading down here.
There is a stone staircase leading up here.
You climb upwards.
There is a stone staircase leading down here.
You are starving!
You eat one of the 59 rations {@e1}.
That ration really hit the spot!
(D) Dungeon (T) Temple (L) Lair (S) Swamp (N) Spider Nest (M) Slime Pits (O) Orcish Mines (E) Elven Halls (V) Vaults (C) Crypt (U) Depths (H) Hell (Z) Zot
Where to? (Enter - D:1, ? - help) HP restored.
There is a stone staircase leading up here.
You climb upwards.
There is a stone staircase leading down here.
Things that are here:
a +0 ring mail; a +0 hand axe
There is a stone staircase leading up here.
You climb upwards.
There is a stone staircase leading down here.
There is a stone staircase leading up here.
You climb upwards.
There is a stone staircase leading down here.
As you open the door, it creaks loudly!
There is an open door here.
A ynoxinul comes into view.
The ynoxinul gestures.
You slice the ufetubus!! You freeze the ufetubus.
You kill the ufetubus!
The ufetubus closely misses you. You furiously retaliate!
You headbutt the ufetubus, but do no damage.
The ufetubus misses you. The ynoxinul completely misses you.
You furiously retaliate!
You headbutt the ynoxinul!! You barely miss the ynoxinul.
You headbutt the ynoxinul!
You kill the ynoxinul!
Trog accepts your kill.
The ufetubus disappears in a puff of smoke! x2
There is an open door here.
There is an open door here.
A lorocyproca, a soul eater and a pandemonium lord come into view.
Press: ? - help, v - describe, . - travel
Here: Jazimny, armed with an antimagic touch An open door.
Press: ? - help, v - describe, . - travel
Here: Jazimny, armed with an antimagic touch An open door.
Okay, then.
Press: ? - help, v - describe, . - travel
Here: Jazimny, armed with an antimagic touch An open door.
As you read the scroll of summoning, it crumbles to dust.
Wisps of shadow whirl around you...
The lorocyproca gives a chilling moan.
Your rat closely misses the lorocyproca.
Jazimny hits your frilled lizard!!
Your frilled lizard dies!
Your frilled lizard's corpse dissolves into shadows!
Your rat barely misses the lorocyproca.
Jazimny hits your rat!!
Your rat dies!
Your rat's corpse dissolves into shadows!
Your rat bites the lorocyproca but does no damage.
The lorocyproca hits your rat!
Your rat dies!
Your rat's corpse dissolves into shadows!
Your kobold barely misses Jazimny.
Something hits your kobold.
Your kobold dies!
Your kobold's corpse dissolves into shadows!
There is an open door here.
Jazimny hits you!
You feel your power leaking away.
There is an open door here.
Jazimny closely misses you. You furiously retaliate!
You headbutt Jazimny.
There is an open door here.
There is a staircase leading out of the dungeon here.
Jazimny hits you!
You feel your power leaking away. Jazimny hits you!
You feel your power leaking away.
* * * LOW MAGIC WARNING * * *
You have escaped!

Skill      XL: |  1  2  3  4  5  6  7  8  9 10 11 12 13 14 15 16 17 18 19 20 21 22 23 24 25 26 |
---------------+-------------------------------------------------------------------------------+-----
Axes           | 4 5 6 7 8 9 11 13 16 18 20 21 23 25 26 27 | 27.0
Armour         | 6 9 11 14 15 17 18 19 21 23 24 25 27 | 27.0
Fighting       | 5 9 12 14 16 18 19 21 23 24 25 27 | 27.0
Dodging        | 7 9 10 12 15 18 | 18.3
Stealth        | 4 7 9 12 15 17 | 17.4

Action                   |  1- 3 |  4- 6 |  7- 9 | 10-12 | 13-15 | 16-18 | 19-21 | 22-24 | 25-27 || total
-------------------------+-------+-------+-------+-------+-------+-------+-------+-------+-------++-------
Melee: Hand axe          |    93 |   113 |    99 |       |       |       |       |       |       ||   305
       Headbutt          |    10 |    21 |    75 |   139 |   273 |   344 |   272 |   244 |   106 ||  1484
       War axe           |       |       |   253 |    79 |       |       |       |       |       ||   332
       Battleaxe         |       |       |       |   532 |   281 |       |     4 |       |       ||   817
       Lajatang          |       |       |       |     5 |       |       |       |       |       ||     5
       Morningstar       |       |       |       |     3 |    18 |       |       |       |       ||    21
       Executioner's axe |       |       |       |       |   744 |  1303 |   970 |   745 |   350 ||  4112
       Flail             |       |       |       |       |    17 |    31 |       |       |       ||    48
Invok: Berserk           |     2 |     3 |     2 |     9 |    10 |     2 |       |       |       ||    28
       Trog's Hand       |       |     1 |     1 |     2 |     4 |     2 |       |     1 |     1 ||    12
       Brothers in Arms  |       |       |       |     3 |     7 |     7 |     2 |     3 |       ||    22
Evoke: Wand              |       |       |       |     2 |       |       |       |       |       ||     2
  Use: Scroll            |       |       |     7 |    14 |     7 |    19 |    18 |     7 |     8 ||    80
       Potion            |       |       |       |     2 |     7 |     3 |     2 |     4 |     8 ||    26
 Stab: Sleeping          |     1 |       |       |       |       |       |       |       |       ||     1
       Distracted        |       |       |       |     2 |     2 |     4 |       |     1 |     4 ||    13
       Confused          |       |       |       |       |       |     1 |       |       |       ||     1
  Eat: Chunk             |     4 |    10 |    10 |    38 |    34 |    27 |    30 |    14 |     5 ||   172
       Ration            |       |     1 |     1 |     1 |     6 |     7 |     1 |     3 |     3 ||    23
Armor: Animal skin       |    10 |       |       |       |       |       |       |       |       ||    10
       Leather armour    |     4 |    19 |    15 |       |       |       |       |       |       ||    38
       Chain mail        |       |       |   117 |   255 |       |       |       |       |       ||   372
       Plate armour      |       |       |       |    18 |   621 |   922 |   473 |       |       ||  2034
       Crystal plate arm |       |       |       |       |       |       |    17 |   531 |   266 ||   814
Dodge: Dodged            |    50 |    79 |   103 |   216 |   486 |   760 |   624 |   497 |   298 ||  3113
Block: Buckler           |       |    12 |    54 |     9 |       |       |       |       |       ||    75
       Reflection        |       |       |     1 |       |       |       |       |       |       ||     1

Levels and vault maps discovered:
D:1:      dpeg_arrival_prison, layout_loops_corners
D:2:      layout_basic, nicolae_overflow_hidden_temple, serial_rivers,
          chequers_serial_rivers_marsh, chequers_serial_rivers_micro_e,
          chequers_serial_rivers_small_a, chequers_serial_rivers_micro_e,
          chequers_serial_rivers_room_b, chequers_serial_rivers_large_a,
          first_ration, minmay_misc_feat_five
D:3:      layout_basic, lemuel_crystal_altar, nicolae_gozag_seed_capital
D:4:      layout_loops_ring, minmay_temple_entry_overgrown,
          minmay_splitting_lines, minmay_joined_circles
D:5:      layout_layer_cave, cheibriados_altar_1, uniq_sigmund
D:6:      layout_loops_ring, nicolae_ossuary_entry_giza, serial_shops, shop,
          uniq_edmund, uniq_menkaure
D:7:      minmay_the_grid_plus_closed [minmay_the_grid_outer_circle,
          minmay_the_grid_diamond_grid, minmay_the_grid_expand,
          minmay_the_grid_aliased_spiral, minmay_the_grid_prize_four_corners],
          layout_rooms, uniq_harold
D:8:      layout_layer_cave, uniq_psyche
D:9:      layout_cave_pools, nicolae_overflow_crystal_walls,
          gammafunk_temple_overflow_wave, erik_lair_orcish_takeover
D:10:     layout_stronghold, zombieorc1_lemuel
D:11:     layout_loops_ring, serial_shops, shop, hangedman_fish_farm,
          grunt_decor_cap, st_stairs_3, uniq_grum, uniq_erolcha
D:12:     layout_gridville, gammafunk_ghost_split
D:13:     layout_layer_cave, gammafunk_ghost_necromancy
D:14:     cheibrodos_tormentor_scu, layout_loops_cross,
          ximxim_vaults_locker_room, enter_bailey_3, lemuel_tele_altar
D:15:     gammafunk_enter_depths_forms, layout_long_grid, serial_shops,
          nicolae_shop_temple_entry_statues_fountains, enter_trove_1,
          minmay_misc_feat_hallway, uniq_azrael, uniq_jorgrun
Lair:1:   dragon1_lemuel, layout_cave_shapes
Lair:2:   layout_gridlike, spider_nest_entry_a, minmay_lair_oklob_chamber,
          grunt_megastairs_1
Lair:3:   layout_loops_ring, beast_lair_carwin_10, grunt_megastairs_4,
          uniq_gastronok
Lair:4:   layout_hall_layers, skrybe_swamp_entry_bodies,
          maelrawn_ghost_gauntlet_escape, beast_lair_carwin_4,
          serial_bayou_shore_b, uniq_nergalle
Lair:5:   layout_long_grid, gauntlet_entry_generic, serial_bayou_shore_a
Lair:6:   minmay_lair_end_enchanted_forest, layout_gridlike,
          minmay_slime_entry_pillars, lemuel_fruit_tree
Swamp:1:  layout_basic_swamp, evilmike_swamp_ruin_house_6, swamp_pool1
Swamp:2:  layout_falls_marsh, evilmike_swamp_ruin_house_4, swamp_pool5,
          kb_tengu_band, infiniplex_staircase_pool
Swamp:3:  layout_falls_marsh, evilmike_swamp_ruin_rubble_1, swamp_pool4
Swamp:4:  swamp_vile, layout_basic_swamp, uniq_aizul
Spider:1: layout_spider_delve, ebering_ghost_inner_flame
Spider:2: layout_spider_delve, portal_ice_cave_entry_ice_statue_one,
          einodemon_crawler_minivault
Spider:3: layout_spider_delve
Spider:4: grunt_spider_rune_circles
Orc:1:    layout_caves, basic_altar, minmay_shop_mass, nicolae_orc_pool_cavern
Orc:2:    st_orc_town, layout_diamond_mine
Vaults:1: v_rooms_2, v_misc_27, nicolae_vaults_ninety_degrees,
          ontoclasm_vaults_ring_square, vaults_standard_mumra_enter_the_diamond,
          v_rooms_4, nicolae_vaults_little_squares_2, v_misc_18,
          v_alt_pattern_1, layout_vaults_chaotic_city
Vaults:2: nicolae_vaults_little_squares_2, vaults_dpeg_ring,
          ontoclasm_vaults_ring_square, hangedman_vaults_unwind,
          vaults_room_stairs_pillars, nicolae_vaults_big_ls,
          kennysheep_vaults_gozag_temple, ontoclasm_vaults_chip, v_misc_13,
          ontoclasm_vaults_ring_square, nicolae_vaults_what_the_h,
          vaults_room_stairs_pillars, v_alt_pattern_6, grunt_vaults_diagonal,
          ontoclasm_vaults_twist, layout_vaults_omnibox, serial_shops,
          nicolae_shop_waterfront, shop_coins, shop
Vaults:3: v_misc_30, minmay_crypt_entry_necro_gods,
          nicolae_vaults_quartermaster, vaults_room_door_ring, serial_ice_m,
          grunt_vaults_hallway_short, nicolae_vaults_yaktaur_gun_rack,
          layout_vaults_omnigrid
Vaults:4: nicolae_vaults_arrows, hangedman_vaults_maws,
          nicolae_vaults_stairing_the_circle, nicolae_vaults_network_quinsquares
          [nicolae_vaults_network_quincunx_subvault,
          nicolae_vaults_network_quincunx_subvault,
          nicolae_vaults_network_quincunx_subvault,
          nicolae_vaults_network_quincunx_subvault],
          nicolae_vaults_branching_niches, hangedman_vaults_cutoff,
          vaults_standard_mumra_enter_the_diamond, v_misc_23,
          vaults_room_door_ring, vaults_room_pools, v_misc_13,
          ontoclasm_vaults_loading_screen, layout_vaults_maze_bifur,
          serial_shops, shop
Vaults:5
Depths:1: layout_cave_pools, nicolae_abyss_entry_one_way_or_another,
          grunt_hell_entry_dis_mu, rand_demon_pan_entry_5,
          gammafunk_ghost_grave, skrybe_limestone_x, minmay_fire_ice_demons,
          uniq_asterion
Depths:2: gammafunk_the_bubble [the_bubble_gammafunk_crates], layout_cave_pools,
          hell_entry, pan_entry, minmay_staircase_windowed_large
Depths:3: gammafunk_sealed_arena, layout_cave_pools, minmay_misc_feat_ornament,
          pan_entry, serial_sigils, serial_sigils_hangedman_stare,
          serial_sigils_hangedman_writhe, serial_sigils_hangedman_gnaw,
          serial_sigils_hangedman_snap, hangedman_geh_valley
Depths:4: lemuel_firewalk_3, layout_cross, enter_ziggurat_a,
          abyss_entry_small_statue_room, hell_entry, infiniplex_staircase_star,
          uniq_boris
Depths:5: grunt_zot_entry_tricorne, layout_long_grid, hangedman_coc_ice_floe,
          minmay_misc_feat_tiny, minmay_shoptagon, serial_bayou_shore_b
Zot:1:    regret_index_qazlal_generations, layout_basic,
          hangedman_zot_decor_checkerboard
Zot:2:    layout_twisted_circle, nicolae_zot_crop_circle
Zot:3:    layout_twisted_circle
Zot:4:    layout_gridville, ebering_ghost_rock_garden
Zot:5:    layout_onion

Notes
Turn   | Place    | Note
-------+----------+-------------------------------------------
     0 | D:1      | hydraslayer the Minotaur Berserker began the quest for the
                  | Orb.
     0 | D:1      | Reached XP level 1. HP: 19/19 MP: 0/0
    32 | D:1      | Reached skill level 4 in Axes
   149 | D:1      | Reached XP level 2. HP: 9/26 MP: 1/1
  1257 | D:1      | Reached skill level 5 in Axes
  1592 | D:2      | Reached XP level 3. HP: 29/31 MP: 2/2
  1784 | D:2      | Reached ** piety under Trog
  2052 | D:2      | Reached skill level 6 in Axes
  2052 | D:2      | Reached XP level 4. HP: 10/39 MP: 3/3
  3148 | D:3      | HP: 3/39 [gnoll/+0 halberd (13)]
  3350 | D:3      | Reached skill level 7 in Axes
  3350 | D:3      | Reached XP level 5. HP: 25/45 MP: 4/4
  3660 | D:3      | Found a white marble altar of Elyvilon.
  3683 | D:3      | Found an opulent altar of Gozag.
  4112 | D:3      | HP: 4/45 [poisoned by an adder]
  4117 | D:3      | HP: 3/45 [poisoned by an adder]
  4515 | D:4      | Noticed an ogre
  4520 | D:4      | Killed an ogre
  4520 | D:4      | Reached skill level 8 in Axes
  4520 | D:4      | Reached XP level 6. HP: 42/51 MP: 5/5
  4569 | D:4      | Found a staircase to the Ecumenical Temple.
  4734 | D:4      | Reached skill level 9 in Axes
  4781 | D:4      | Reached *** piety under Trog
  4862 | D:4      | Reached XP level 7. HP: 42/57 MP: 6/6
  4869 | D:4      | Reached skill level 10 in Axes
  5732 | D:5      | Entered Level 5 of the Dungeon
  5790 | D:5      | Reached skill level 11 in Axes
  5872 | D:5      | Noticed Sigmund
  5882 | D:5      | Killed Sigmund
  5882 | D:5      | Reached XP level 8. HP: 61/64 MP: 7/7
  6003 | D:5      | Reached skill level 12 in Axes
  6431 | D:5      | Found a snail-covered altar of Cheibriados.
  7172 | D:6      | Reached skill level 13 in Axes
  7188 | D:6      | Reached **** piety under Trog
  7326 | D:6      | Found Xaerounu's Gadget Boutique.
  7403 | D:6      | Reached XP level 9. HP: 61/70 MP: 8/8
  7520 | D:6      | Found a sand-covered staircase.
  7525 | Ossuary  | Entered an ossuary
  7669 | Ossuary  | Reached skill level 14 in Axes
  7671 | Ossuary  | Reached ***** piety under Trog
  7775 | D:6      | Upgraded the game from 0.25-a0-87-ga3d287bc14 to
                  | 0.25-a0-108-gda8bd6cf83
  7788 | D:6      | Noticed Edmund
  7809 | D:6      | Killed Edmund
  8005 | D:6      | Noticed Menkaure
  8014 | D:6      | Killed Menkaure
  8310 | D:7      | Noticed a manticore
  8316 | D:7      | Reached skill level 15 in Axes
  8323 | D:7      | Killed a manticore
  8391 | D:7      | Paralysed by a hornet for 1 turns
  8398 | D:7      | Reached skill level 16 in Axes
  8509 | D:7      | Reached XP level 10. HP: 49/77 MP: 9/9
  8789 | D:7      | Noticed Harold
  8806 | D:7      | Killed Harold
  8948 | D:8      | Reached skill level 17 in Axes
  9234 | D:8      | Noticed Psyche
  9243 | D:8      | Killed Psyche
 10280 | D:9      | Reached skill level 18 in Axes
 10420 | D:9      | Found a staircase to the Lair.
 10621 | D:9      | Noticed a two-headed ogre
 10629 | D:9      | Killed a two-headed ogre
 10629 | D:9      | Reached XP level 11. HP: 69/82 MP: 10/10
 10771 | D:9      | Received a gift from Trog
 10922 | D:9      | Found a stormy altar of Qazlal.
 11076 | D:9      | Found a glowing golden altar of the Shining One.
 11076 | D:9      | Found a sparkling altar of Nemelex Xobeh.
 11122 | D:10     | Entered Level 10 of the Dungeon
 11310 | D:10     | Reached skill level 19 in Axes
 11508 | D:10     | Found a staircase to the Orcish Mines.
 11602 | D:10     | Noticed an unseen horror
 11609 | D:10     | Killed an unseen horror
 12257 | D:11     | Noticed Grum
 12266 | D:11     | Killed Grum
 12472 | D:11     | Reached skill level 20 in Axes
 12569 | D:11     | Reached ****** piety under Trog
 12569 | D:11     | Reached skill level 3 in Armour
 12578 | D:11     | Received a gift from Trog
 12578 | D:11     | Reached skill level 4 in Fighting
 12702 | D:11     | Noticed a white ugly thing
 12716 | D:11     | Killed a white ugly thing
 12716 | D:11     | Reached skill level 4 in Armour
 12933 | D:11     | Found Efo Nes's Food Emporium.
 13265 | D:11     | Noticed Erolcha
 13276 | D:11     | Killed Erolcha
 13276 | D:11     | Reached skill level 5 in Fighting
 13276 | D:11     | Reached skill level 5 in Armour
 13434 | Lair:1   | Entered Level 1 of the Lair of Beasts
 13469 | Lair:1   | Noticed a five-headed hydra
 13479 | Lair:1   | Killed a five-headed hydra
 13479 | Lair:1   | Reached skill level 6 in Armour
 13555 | Lair:1   | Reached XP level 12. HP: 74/94 MP: 11/11
 13947 | Lair:1   | Noticed an ice dragon
 13957 | Lair:1   | Killed an ice dragon
 13957 | Lair:1   | Reached skill level 7 in Armour
 14288 | Lair:1   | Reached skill level 6 in Fighting
 14780 | Lair:2   | Found a hole to the Spider Nest.
 14961 | Lair:2   | Reached skill level 8 in Armour
 14987 | Lair:2   | Found the +6 lightning scales {run, rElec}
 15106 | Lair:2   | HP: 14/145 [acid (3)]
 15331 | Lair:2   | Reached skill level 7 in Fighting
 15336 | Lair:2   | Reached skill level 9 in Armour
 16263 | Lair:3   | Reached skill level 8 in Fighting
 16364 | Lair:3   | Reached skill level 21 in Axes
 16440 | Lair:3   | Got a smoking ring mail
 16451 | Lair:3   | Identified the +1 ring mail of Elyvilon's Favour {MR+ rCorr
                  | Str+6 Slay-4} (You found it on level 3 of the Lair of
                  | Beasts)
 16549 | Lair:3   | Noticed Gastronok
 16710 | Lair:3   | Killed Gastronok
 16710 | Lair:3   | Received a gift from Trog
 16710 | Lair:3   | Reached skill level 9 in Fighting
 17009 | Lair:4   | Found a staircase to the Swamp.
 17272 | Lair:4   | Noticed a death yak
 17274 | Lair:4   | Noticed an eight-headed hydra
 17274 | Lair:4   | Noticed a death yak
 17274 | Lair:4   | Noticed a death yak
 17275 | Lair:4   | Noticed a death yak
 17285 | Lair:4   | Killed a death yak
 17285 | Lair:4   | Reached XP level 13. HP: 76/111 MP: 12/12
 17340 | Lair:4   | Noticed Nergalle
 17355 | Lair:4   | Killed Nergalle
 17503 | Lair:4   | Noticed a minotaur
 17503 | Lair:4   | Noticed Ojiguost's ghost (journeyman VSTm)
 17535 | Lair:4   | Found a runed translucent gate.
 17535 | Lair:4   | Found a runed translucent gate.
 17535 | Lair:4   | Found a runed translucent gate.
 17588 | Lair:4   | Reached skill level 22 in Axes
 17593 | Lair:4   | Killed Ojiguost's ghost
 17631 | Lair:4   | Killed a minotaur
 18169 | Lair:5   | Found a gate leading to a gauntlet.
 18278 | Gauntlet | Entered a Gauntlet
 18278 | Gauntlet | Found a runed translucent door.
 18278 | Gauntlet | Found a transporter.
 18278 | Gauntlet | Found a runed translucent door.
 18278 | Gauntlet | Found a transporter.
 18278 | Gauntlet | Found a transporter.
 18279 | Gauntlet | Found a transporter.
 18280 | Gauntlet | Found a transporter.
 18283 | Gauntlet | Found a transporter.
 18290 | Gauntlet | Found a transporter.
 18291 | Gauntlet | Found a transporter.
 18292 | Gauntlet | Found a transporter.
 18294 | Gauntlet | Found a transporter.
 18302 | Gauntlet | Found a transporter.
 18302 | Gauntlet | Found a transporter.
 18825 | Gauntlet | Identified the +11 hunting sling of Accord {velocity, rC+
                  | Str+3 Dex-2 Stlth+}
 18825 | Gauntlet | Identified the ring "Biff" {MR+ Str+3 Dex+4}
 18825 | Gauntlet | Noticed a minotaur
 18834 | Gauntlet | Killed a minotaur
 18834 | Gauntlet | Reached skill level 23 in Axes
 19549 | Lair:6   | Entered Level 6 of the Lair of Beasts
 19741 | Lair:6   | Found a staircase to the Slime Pits.
 19896 | Lair:6   | Received a gift from Trog
 19914 | Lair:6   | Reached XP level 14. HP: 57/118 MP: 13/13
 20182 | Lair:6   | Reached skill level 24 in Axes
 20285 | Lair:6   | Got a steaming steel ring
 20751 | Lair:6   | Identified the ring "Pileniurib" {rC+ SInv Stlth+} (You
                  | found it on level 6 of the Lair of Beasts)
 21258 | Orc:1    | Entered Level 1 of the Orcish Mines
 21258 | Orc:1    | Found Itwahuk's Mass Market.
 21629 | Orc:1    | Found a roughly hewn altar of Beogh.
 21631 | Orc:1    | Noticed an orc warlord
 21647 | Orc:1    | Killed an orc warlord
 21656 | Orc:1    | Received a gift from Trog
 22041 | Orc:2    | Entered Level 2 of the Orcish Mines
 22042 | Orc:2    | Noticed a stone giant
 22086 | Orc:2    | Killed a stone giant
 22356 | Orc:2    | Found a staircase to the Elven Halls.
 22480 | Orc:2    | Found a roughly hewn altar of Beogh.
 22484 | Orc:2    | Reached skill level 25 in Axes
 22531 | Orc:2    | Noticed an orc warlord
 22539 | Orc:2    | Killed an orc warlord
 22720 | Orc:2    | Found Dasmabav's Distillery.
 22741 | Orc:2    | Found Woogur's Armour Shop.
 22950 | Orc:2    | Found Bikhlaom's Food Shop.
 22950 | Orc:2    | Found Xuogeso's Distillery.
 23061 | Orc:2    | Bought a potion of heal wounds for 80 gold pieces
 23061 | Orc:2    | Bought a potion of ambrosia for 128 gold pieces
 23097 | Orc:2    | Bought a potion of heal wounds for 80 gold pieces
 23097 | Orc:2    | Bought a potion of heal wounds for 80 gold pieces
 23424 | D:12     | Received a gift from Trog
 23854 | D:12     | Reached XP level 15. HP: 114/124 MP: 4/14
 23924 | D:12     | Noticed a frost giant
 23925 | D:12     | Found a runed translucent gate.
 23926 | D:12     | Found a runed translucent gate.
 23926 | D:12     | Found a runed translucent gate.
 23926 | D:12     | Noticed SnubMonkey's ghost (novice GnTm)
 23955 | D:12     | Killed a frost giant
 23963 | D:12     | Killed SnubMonkey's ghost
 24264 | D:13     | Reached skill level 26 in Axes
 24442 | D:13     | Received a gift from Trog
 24635 | D:13     | Found a runed translucent gate.
 24635 | D:13     | Found a runed translucent gate.
 24635 | D:13     | Found a runed translucent gate.
 24641 | D:13     | Noticed Locviton's ghost (journeyman TrFi)
 25303 | D:13     | Reached skill level 3 in Dodging
 25305 | D:13     | Reached skill level 10 in Fighting
 25314 | D:13     | Killed Locviton's ghost
 25516 | D:14     | Reached skill level 4 in Dodging
 25639 | D:14     | Found a gate to the Vaults.
 25679 | D:14     | Found a flagged portal.
 25685 | Bailey   | Entered a bailey
 25722 | Bailey   | Identified a +0 crystal plate armour
 25751 | Bailey   | Received a gift from Trog
 25775 | Bailey   | Upgraded the game from 0.25-a0-108-gda8bd6cf83 to
                  | 0.25-a0-163-g00f8f0cddd
 26134 | Bailey   | Reached skill level 10 in Armour
 26157 | Bailey   | Got a heavily runed copper ring
 26159 | Bailey   | Identified the cursed ring of Xuqollock {rF+ rN+ Slay-3}
                  | (You found it in a bailey)
 26366 | D:14     | Found a radiant altar of Vehumet.
 26580 | D:14     | HP: 11/128 [??? (8)]
 26765 | D:14     | HP: 9/128 [death knight/+1 halberd (24)]
 26975 | D:14     | HP: 12/128 [??? (10)]
 26979 | D:14     | HP: 4/128 [??? (2)]
 27395 | D:14     | HP: 11/128 [??? (8)]
 27396 | D:14     | HP: 5/128 [??? (2)]
 27574 | D:15     | Entered Level 15 of the Dungeon
 27577 | D:15     | Found a portal to a secret trove of treasure.
 27589 | D:15     | Found Bemon's General Store.
 27605 | D:15     | Bought a scroll of blinking for 127 gold pieces
 27623 | D:15     | Reached skill level 5 in Dodging
 27652 | D:15     | Noticed Jorgrun
 27663 | D:15     | Killed Jorgrun
 27814 | D:15     | Reached skill level 11 in Fighting
 27872 | D:15     | Found a staircase to the Depths.
 28089 | D:15     | Reached skill level 6 in Dodging
 28322 | D:15     | Noticed Azrael
 28333 | D:15     | Killed Azrael
 28878 | Swamp:1  | Entered Level 1 of the Swamp
 28885 | Swamp:1  | Reached skill level 11 in Armour
 28913 | Swamp:1  | Received a gift from Trog
 29390 | Swamp:1  | Reached skill level 7 in Dodging
 29622 | Swamp:1  | Reached skill level 12 in Fighting
 29622 | Swamp:1  | Reached XP level 16. HP: 110/139 MP: 5/15
 30554 | Swamp:2  | Reached skill level 8 in Dodging
 30662 | Swamp:2  | Reached skill level 12 in Armour
 30695 | Swamp:2  | Noticed a thorn hunter
 30714 | Swamp:2  | Killed a thorn hunter
 31458 | Swamp:2  | Received a gift from Trog
 31714 | Swamp:3  | Reached skill level 13 in Fighting
 31853 | Swamp:3  | Reached skill level 9 in Dodging
 32518 | Swamp:4  | Entered Level 4 of the Swamp
 32518 | Swamp:4  | Noticed Aizul
 32526 | Swamp:4  | Killed Aizul
 32549 | Swamp:4  | Reached skill level 13 in Armour
 32786 | Swamp:4  | Noticed a thorn hunter
 32801 | Swamp:4  | Received a gift from Trog
 32803 | Swamp:4  | Noticed a thorn hunter
 32811 | Swamp:4  | Killed a thorn hunter
 32816 | Swamp:4  | Killed a thorn hunter
 32816 | Swamp:4  | Reached skill level 14 in Fighting
 32820 | Swamp:4  | HP: 15/219 [alligator[an alligator] (8)]
 33338 | Swamp:4  | Reached skill level 14 in Armour
 33573 | Swamp:4  | Identified 2 potions of resistance
 33725 | Swamp:4  | Noticed a tentacled monstrosity
 33732 | Swamp:4  | Killed a tentacled monstrosity
 33754 | Swamp:4  | Reached XP level 17. HP: 64/154 MP: 7/16
 33774 | Swamp:4  | Got a decaying rune of Zot
 34274 | Spider:1 | Entered Level 1 of the Spider Nest
 34354 | Lair:2   | Reached skill level 15 in Fighting
 34725 | Spider:1 | Reached skill level 15 in Armour
 34810 | Spider:1 | Reached skill level 1 in Stealth
 35193 | Spider:1 | Found a runed translucent door.
 35193 | Spider:1 | Noticed twist's ghost (adept GrBe)
 35240 | Spider:1 | Killed twist's ghost
 35512 | Spider:1 | Reached skill level 2 in Stealth
 35880 | Spider:2 | Found a frozen archway.
 35928 | IceCv    | Entered an ice cave
 36223 | IceCv    | Received a gift from Trog
 36981 | IceCv    | Received a gift from Trog
 37321 | IceCv    | Got a pair of encrusted gloves
 37342 | IceCv    | Identified the cursed +0 pair of gloves "Puemakli" {rPois}
                  | (You found it in an ice cave)
 37620 | Spider:2 | Upgraded the game from 0.25-a0-163-g00f8f0cddd to
                  | 0.25-a0-166-g16436c4407
 37633 | Spider:2 | Reached skill level 3 in Stealth
 37689 | Spider:2 | Reached skill level 16 in Fighting
 37803 | Spider:2 | Received a gift from Trog
 37995 | Spider:2 | Reached skill level 10 in Dodging
 38862 | Spider:4 | Entered Level 4 of the Spider Nest
 38953 | Spider:4 | Reached skill level 4 in Stealth
 39392 | Spider:4 | Received a gift from Trog
 39496 | Spider:4 | Reached XP level 18. HP: 168/168 MP: 5/17
 40071 | Spider:4 | Reached skill level 16 in Armour
 40552 | Spider:4 | Reached skill level 17 in Fighting
 40984 | Spider:4 | Reached skill level 5 in Stealth
 41100 | Spider:4 | Received a gift from Trog
 41130 | Spider:4 | Got a gossamer rune of Zot
 41430 | Vaults:1 | Entered Level 1 of the Vaults
 41634 | Vaults:1 | Identified a scroll of acquirement
 41636 | Vaults:1 | Got a pair of ancient gloves
 41647 | Vaults:1 | Identified the +3 pair of gloves "Col Dooghut" {Slay+5}
                  | (You acquired it on level 1 of the Vaults)
 41902 | Vaults:1 | Reached skill level 11 in Dodging
 42639 | Vaults:1 | Received a gift from Trog
 42640 | Vaults:1 | Got a translucent hand axe {god gift}
 42645 | Vaults:1 | Reached skill level 6 in Stealth
 42746 | Vaults:1 | Identified the +4 hand axe of Unreason {god gift, chop,
                  | Str+3} (Trog gifted it to you on level 1 of the Vaults)
 43216 | Vaults:1 | Upgraded the game from 0.25-a0-166-g16436c4407 to
                  | 0.25-a0-189-gf71692caf1
 43260 | Vaults:2 | Found Ichoevum's Jewellery Boutique.
 43267 | Vaults:2 | Reached skill level 18 in Fighting
 43638 | Vaults:2 | Found Gozag's Assorted Antiques.
 43639 | Vaults:2 | Found Gozag's Antique Weapon Boutique.
 43645 | Vaults:2 | Found an opulent altar of Gozag.
 43649 | Vaults:2 | Reached skill level 12 in Dodging
 43662 | Vaults:2 | Reached skill level 17 in Armour
 43662 | Vaults:2 | Reached skill level 7 in Stealth
 43666 | Vaults:2 | Reached XP level 19. HP: 160/179 MP: 6/18
 43671 | Vaults:2 | Received a gift from Trog
 43700 | Vaults:2 | Found Gozag's Antique Weapon Shop.
 44316 | Vaults:2 | Received a gift from Trog
 44325 | Vaults:2 | Reached skill level 8 in Stealth
 44709 | Vaults:2 | Found Gigu's Food Emporium.
 44710 | Vaults:2 | Found Soykoful's Antique Weapon Shoppe.
 45011 | Vaults:3 | Reached skill level 13 in Dodging
 45109 | Vaults:3 | Noticed a lich
 45115 | Vaults:3 | Paralysed by a lich for 6 turns
 45123 | Vaults:3 | Killed a lich
 45301 | Vaults:3 | Noticed a Brimstone Fiend
 45303 | Vaults:3 | Received a gift from Trog
 45313 | Vaults:3 | Reached skill level 18 in Armour
 45380 | Vaults:3 | Reached skill level 9 in Stealth
 45668 | Vaults:3 | Found a staircase to the Crypt.
 45668 | Vaults:3 | Found a basalt altar of Yredelemnul.
 45669 | Vaults:3 | Found an ancient bone altar of Kikubaaqudgha.
 45683 | Vaults:3 | Reached skill level 14 in Dodging
 46271 | Vaults:3 | Received a gift from Trog
 46451 | Vaults:3 | Reached skill level 15 in Dodging
 46770 | Vaults:4 | Reached XP level 20. HP: 187/187 MP: 6/19
 46959 | Vaults:4 | Received a gift from Trog
 47746 | Vaults:4 | Found Uzeisiss's Armour Shoppe.
 48079 | Vaults:4 | Received a gift from Trog
 48891 | D:15     | Upgraded the game from 0.25-a0-189-gf71692caf1 to
                  | 0.25-a0-190-g27fffb8c76
 48892 | Depths:1 | Entered Level 1 of the Depths
 48892 | Depths:1 | Found a runed translucent door.
 48892 | Depths:1 | Noticed temitten's ghost (adept MiMo)
 48929 | Depths:1 | Killed temitten's ghost
 48933 | Depths:1 | Identified Gaush's Compendium of Toxic Companions
 49085 | Depths:1 | Found a one-way gate leading to the halls of Pandemonium.
 49090 | Depths:1 | Reached skill level 19 in Fighting
 49104 | Depths:1 | Reached skill level 19 in Armour
 49160 | Depths:1 | Noticed Asterion
 49171 | Depths:1 | Killed Asterion
 49380 | Depths:1 | Found a one-way gate to the infinite horrors of the Abyss.
 49383 | Depths:1 | Noticed Louise
 49399 | Depths:1 | Killed Louise
 49645 | Depths:1 | Received a gift from Trog
 50157 | Depths:1 | Found a gateway to Hell.
 50475 | Depths:2 | You fall into a shaft and drop 1 floor!
 50607 | Depths:2 | Reached XP level 21. HP: 67/199 MP: 20/20
 50966 | Depths:2 | Reached skill level 27 in Axes
 51099 | Depths:2 | Noticed a caustic shrike
 51161 | Depths:2 | Received a gift from Trog
 51249 | Depths:2 | Found a transporter.
 51252 | Depths:2 | Found a transporter.
 51499 | Depths:3 | Reached skill level 20 in Armour
 51501 | Depths:3 | Reached skill level 20 in Fighting
 51808 | Depths:3 | Found a transporter.
 51812 | Depths:3 | Noticed a juggernaut
 52047 | Depths:3 | Found a transporter.
 52238 | Depths:4 | Noticed Boris
 52245 | Depths:4 | Killed Boris
 52280 | Depths:4 | Found a gateway to a ziggurat.
 52588 | Depths:4 | Paralysed by a sphinx for 4 turns
 52653 | Depths:4 | Received a gift from Trog
 53147 | Depths:5 | Entered Level 5 of the Depths
 53171 | Depths:5 | Found the -2 hat of the Alchemist {rElec rPois rF+ rC+ rN+
                  | MR+ rMut rCorr}
 53246 | Depths:5 | Reached skill level 21 in Armour
 53247 | Depths:5 | Reached skill level 21 in Fighting
 53600 | Depths:5 | Found Irgheymia's Armour Shoppe.
 53600 | Depths:5 | Found Rusah's Armour Emporium.
 53627 | Depths:5 | Received a gift from Trog
 53708 | Depths:5 | Bought a +0 crystal plate armour for 1200 gold pieces
 53979 | Depths:5 | Reached XP level 22. HP: 210/213 MP: 21/21
 54198 | Depths:5 | Found a gate to the Realm of Zot.
 54982 | Vaults:5 | Entered Level 5 of the Vaults
 55010 | Vaults:5 | Reached skill level 22 in Armour
 55011 | Vaults:5 | Reached skill level 22 in Fighting
 55021 | Vaults:4 | Received a gift from Trog
 55093 | Vaults:5 | Noticed a golden dragon
 55177 | Vaults:5 | Noticed a golden dragon
 55187 | Vaults:5 | Killed a golden dragon
 55187 | Vaults:5 | Noticed a golden dragon
 55191 | Vaults:5 | Identified the +10 spear of the Present {pierce, *Corrode
                  | *Drain rElec MR+++}
 55608 | Vaults:5 | Received a gift from Trog
 55608 | Vaults:5 | Reached skill level 23 in Fighting
 55608 | Vaults:5 | Reached skill level 23 in Armour
 55646 | Vaults:5 | Killed a golden dragon
 55646 | Vaults:5 | Reached XP level 23. HP: 127/226 MP: 22/22
 55999 | Vaults:5 | Got a brightly glowing plate armour
 56010 | Vaults:5 | Identified the +8 plate armour of Kindness {Int+3} (You
                  | found it on level 5 of the Vaults)
 56249 | Vaults:5 | Paralysed by a floating eye for 2 turns
 56267 | Vaults:5 | Received a gift from Trog
 56267 | Vaults:5 | Noticed a caustic shrike
 56267 | Vaults:5 | an iron giant changed into a caustic shrike
 56269 | Vaults:5 | Killed a caustic shrike
 56459 | Vaults:5 | Reached skill level 10 in Stealth
 56472 | Vaults:5 | Noticed an ancient lich
 56481 | Vaults:5 | Killed an ancient lich
 56656 | Vaults:5 | Got a silver rune of Zot
 56679 | Vaults:5 | Got a pair of ichor-stained boots
 56685 | Vaults:5 | Identified the +2 pair of boots of Words of Power {Str+3
                  | Int+4 Dex+3} (You found it on level 5 of the Vaults)
 57360 | Zot:1    | Entered Level 1 of the Realm of Zot
 57360 | Zot:1    | Noticed an electric golem
 57513 | Zot:1    | Reached skill level 11 in Stealth
 57541 | Zot:1    | Reached skill level 24 in Fighting
 57541 | Zot:1    | Reached skill level 24 in Armour
 57606 | Zot:1    | Found the +8 frozen axe "Frostbite" {freezing cloud, *Noise
                  | +Fly rC+}
 57918 | Zot:1    | Reached skill level 12 in Stealth
 58022 | Zot:1    | Noticed an ancient lich
 58187 | Zot:1    | Killed an ancient lich
 58187 | Zot:1    | Received a gift from Trog
 58187 | Zot:1    | Reached XP level 24. HP: 154/239 MP: 22/22
 58355 | Zot:1    | Found a stormy altar of Qazlal.
 58552 | Zot:1    | Reached skill level 13 in Stealth
 59251 | Zot:2    | Reached skill level 14 in Stealth
 59257 | Zot:2    | Killed an electric golem
 59698 | Zot:3    | Received a gift from Trog
 59698 | Zot:3    | Reached skill level 25 in Fighting
 59717 | Zot:3    | Reached skill level 25 in Armour
 59881 | Zot:3    | Noticed an orb of fire
 59893 | Zot:3    | Killed an orb of fire
 59988 | Zot:3    | Reached skill level 15 in Stealth
 60152 | Zot:3    | Noticed an orb of fire
 60159 | Zot:3    | Killed an orb of fire
 60352 | Zot:3    | You fall into a shaft and drop 1 floor!
 60870 | Zot:4    | Reached XP level 25. HP: 179/251 MP: 22/22
 61128 | Zot:4    | Received a gift from Trog
 61199 | Zot:4    | Reached skill level 26 in Fighting
 61199 | Zot:4    | Reached skill level 26 in Armour
 61350 | Zot:4    | Found a runed translucent gate.
 61351 | Zot:4    | Found a runed translucent gate.
 61352 | Zot:4    | Found a runed translucent gate.
 61353 | Zot:4    | Noticed Apoo's ghost (legendary DsEn)
 61682 | Zot:5    | Entered Level 5 of the Realm of Zot
 61770 | Zot:5    | Noticed a Killer Klown
 61770 | Zot:5    | Noticed an electric golem
 61770 | Zot:5    | Noticed an orb of fire
 61770 | Zot:5    | Noticed an orb of fire
 61770 | Zot:5    | Noticed a Killer Klown
 61774 | Zot:5    | Noticed an ancient lich
 61782 | Zot:5    | Killed an ancient lich
 61787 | Zot:5    | Killed an orb of fire
 61789 | Zot:5    | Killed a Killer Klown
 61794 | Zot:5    | Killed an orb of fire
 61794 | Zot:5    | Killed an electric golem
 61794 | Zot:5    | Killed a Killer Klown
 62179 | Zot:5    | Gained mutation: Armour fits poorly on your strangely
                  | shaped body. [the power of Zot]
 62184 | Zot:5    | Reached skill level 27 in Fighting
 62184 | Zot:5    | Reached skill level 27 in Armour
 62217 | Zot:5    | Noticed an orb of fire
 62222 | Zot:5    | Killed an orb of fire
 62256 | Zot:5    | Noticed an orb of fire
 62257 | Zot:5    | Gained mutation: You are weak. (Str -2) [an orb of fire]
 62259 | Zot:5    | Noticed an orb of fire
 62259 | Zot:5    | Noticed an ancient lich
 62267 | Zot:5    | Killed an orb of fire
 62267 | Zot:5    | Noticed an orb of fire
 62272 | Zot:5    | Killed an orb of fire
 62273 | Zot:5    | Killed an ancient lich
 62273 | Zot:5    | Reached XP level 26. HP: 157/266 MP: 22/22
 62277 | Zot:5    | Killed an orb of fire
 62277 | Zot:5    | Reached skill level 16 in Dodging
 62279 | Zot:5    | Noticed an electric golem
 62290 | Zot:5    | Killed an electric golem
 62298 | Zot:5    | Identified the amulet "Berisyt" {Faith Stlth+}
 62312 | Zot:5    | Noticed an ancient lich
 62454 | Zot:5    | Received a gift from Trog
 62459 | Zot:5    | Reached skill level 16 in Stealth
 62475 | Zot:5    | Killed an ancient lich
 62512 | Zot:5    | Reached skill level 17 in Dodging
 62768 | Zot:5    | Noticed a curse toe
 62790 | Zot:5    | Killed a curse toe
 63654 | Zot:5    | Got the Orb of Zot
 63696 | Zot:5    | Noticed Boris
 63703 | Zot:5    | Killed Boris
 63866 | Depths:5 | Noticed Hutap the pandemonium lord
 63954 | Depths:2 | Reached skill level 17 in Stealth
 64103 | Depths:2 | Noticed Resaem the pandemonium lord
 64135 | Depths:1 | Noticed a seraph
 64135 | Depths:1 | Identified a +1 robe of resistance
 64192 | D:15     | Reached skill level 18 in Dodging
 64421 | D:15     | Noticed Yteotah the pandemonium lord
 64505 | D:14     | Identified the +6 large shield of Unasauchora {+Inv rPois
                  | Str+4}
 64762 | D:9      | Noticed Goacranti the pandemonium lord
 64826 | D:8      | Noticed Cesapnui the pandemonium lord
 65023 | D:1      | Noticed Jazimny the pandemonium lord
 65053 | D:$      | Escaped with the Orb!

Vanquished Creatures
  8 orbs of fire
  4 ancient liches
  Boris (twice) (Depths:4 Zot:5)
  3 Killer Klowns (Zot:5)
  10 golden dragons
  A curse toe (Zot:5)
  A caustic shrike (shapeshifter) (Vaults:5)
  2 liches
  2 Brimstone Fiends
  3 electric golems
  A Tzitzimitl (D:15)
  9 tentacled monstrosities
  2 Ice Fiends
  Asterion (Depths:1)
  5 titans (Vaults:5)
  26 Orb Guardians
  7 quicksilver dragons
  2 thorn hunters
  4 tengu reavers
  10 death cobs
  5 sphinxes
  11 storm dragons
  12 shadow dragons
  14 draconian monks
  A daeva (D:14)
  5 fire giants
  A deep elf sorcerer (Vaults:1)
  14 vault wardens
  6 draconian knights
  5 frost giants
  A frost giant (shapeshifter) (Vaults:2)
  An orc warlord (Orc:1)
  4 ghost moths
  An iron dragon (Zot:1)
  A warmonger (D:14)
  The ghost of twist the Severer, an adept GrBe of Trog (Spider:1)
  A ghoul (Vaults:4)
  Aizul (Swamp:4)
  A black sun (D:14)
  Louise (Depths:1)
  2 balrugs
  7 emperor scorpions
  An angel (D:15)
  A draconian stormcaller (Zot:4)
  8 draconian scorchers
  18 ironheart preservers
  19 stone giants
  6 draconian shifters
  7 draconian annihilators
  6 entropy weavers
  2 deep elf elementalists (Vaults:5)
  4 war gargoyles
  24 very ugly things
  14 black draconians
  3 deep elf demonologists
  6 green draconians
  2 minotaurs
  Azrael (D:15)
  2 lorocyprocas
  13 white draconians
  2 deep elf annihilators
  11 yellow draconians
  11 red draconians
  A spark wasp (Spider:2)
  7 purple draconians
  A deep elf death mage (Vaults:5)
  2 jiangshi (Depths:4)
  13 ettins
  2 green deaths (Swamp:4)
  5 blizzard demons
  2 deep elf high priests (Vaults:5)
  12 fire dragons
  A merfolk impaler (Depths:1)
  The ghost of Locviton the Spear-Bearer, a journeyman TrFi (D:13)
  16 yaktaur captains
  2 monstrous demonspawn
  2 rakshasas
  A hell beast (D:15)
  Harold (D:7)
  9 great orbs of eyes
  30 vault guards
  2 spriggan air magi (Depths:5)
  18 hydras
  Erolcha (D:11)
  A shambling mangrove (Swamp:3)
  2 catoblepae (Zot:1)
  3 ghost crabs
  11 centaur warriors
  The ghost of Ojiguost the Grappler, a journeyman VSTm of Kikubaaqudgha (Lair:4)
  17 ice dragons
  4 death knights
  18 alligators
  15 ogre magi
  A two-headed ogre (shapeshifter) (Gauntlet)
  4 death yaks (Lair:4)
  6 dancing weapons
  44 two-headed ogres
  8 tengu warriors
  12 deep troll shamans
  3 vampire magi
  5 orc high priests (Orc:2)
  7 deep troll earth magi
  2 thrashing horrors (Gauntlet)
  3 spriggan berserkers
  7 sun demons
  Nergalle (Lair:4)
  A large abomination (Swamp:4)
  5 deep elf knights
  A fire crab (shapeshifter) (Vaults:4)
  3 shadow wraiths
  5 iron trolls
  5 sixfirhies
  A sea snake (shapeshifter) (Vaults:5)
  2 spriggan druids
  2 glowing orange brains
  4 unseen horrors
  A shadow demon (Depths:2)
  A deep troll (shapeshifter) (Vaults:2)
  22 deep trolls
  3 flayed ghosts
  2 infernal demonspawn
  7 wizards
  3 phantasmal warriors
  5 deep elf archers
  8 harpies
  3 swamp dragons
  20 ironbrand convokers
  2 spectral wolf spiders (D:13)
  16 orc knights
  2 necromancers
  A wolf spider (shapeshifter) (Vaults:1)
  45 ugly things
  A cyclops (shapeshifter) (Gauntlet)
  10 orb spiders
  21 wolf spiders
  4 oklob plants (Lair:2)
  2 orc sorcerers
  10 deep elf magi
  A manticore (shapeshifter) (D:15)
  A tengu skeleton (Vaults:4)
  23 moths of wrath
  6 cyclopes
  A spectral centaur (D:13)
  An eye of devastation (shapeshifter) (Gauntlet)
  3 manticores
  Psyche (D:8)
  A human skeleton (Vaults:4)
  3 torpor snails
  3 elephants
  12 vault sentinels
  2 rust devils
  17 spiny frogs
  2 spiny frogs (shapeshifter)
  2 ice statues
  2 black mambas
  6 smoke demons
  A rime drake (Lair:6)
  2 hellions
  3 orange demons
  21 demonic crawlers
  4 komodo dragons
  5 tengu conjurers
  A redback zombie (D:13)
  9 ice devils
  34 yaktaurs
  A tormentor (D:15)
  8 freezing wraiths
  2 hellwings (D:9)
  3 anaconda simulacra (IceCv)
  A merfolk (D:11)
  3 red devils
  25 jumping spiders
  8 trolls
  A hornet (shapeshifter) (Vaults:3)
  A queen bee (shapeshifter) (Vaults:5)
  4 polar bears
  A wind drake (shapeshifter) (Depths:1)
  A merfolk (shapeshifter) (D:15)
  18 hornets
  4 blink frogs
  5 dream sheep (Lair:6)
  A wolf spider simulacrum (IceCv)
  24 slime creatures
  2 blink frogs (shapeshifter)
  8 tyrant leeches
  14 hippogriffs
  A dream sheep (shapeshifter) (Depths:1)
  16 bog bodies
  3 centaur simulacra
  3 shadows (Swamp:4)
  37 tarantellas
  93 redbacks
  8 water elementals
  A frost giant simulacrum (Vaults:3)
  20 spriggans
  3 ettin skeletons
  2 tarantellas (shapeshifter)
  A spriggan (shapeshifter) (Depths:1)
  A dire elephant simulacrum (IceCv)
  23 yaks
  Sigmund (D:5)
  A fire bat (shapeshifter) (Depths:4)
  4 wraiths
  A ynoxinul (D:1)
  6 wyverns
  A vampire (D:15)
  A basilisk (shapeshifter) (Vaults:3)
  4 hungry ghosts
  3 human simulacra (Vaults:3)
  A hog (shapeshifter) (D:15)
  A human (shapeshifter) (Vaults:4)
  9 humans (D:14)
  2 steam dragons
  Grum (D:11)
  3 fire elementals (D:15)
  28 vampire mosquitoes
  6 basilisks
  Menkaure (D:6)
  14 swamp worms
  3 small abominations (Gauntlet)
  Edmund (D:6)
  10 wargs
  5 harpy simulacra
  2 iron troll simulacra (IceCv)
  3 soldier ants (shapeshifter)
  3 acid dragons
  12 water moccasins
  15 insubstantial wisps
  A soldier ant (D:13)
  4 hell hounds (D:15)
  3 hydra simulacra (IceCv)
  A meliai simulacrum (D:13)
  47 orc warriors
  10 porcupines
  9 swamp drakes
  An alligator simulacrum (IceCv)
  2 black bears (shapeshifter)
  2 ettin simulacra (IceCv)
  A floating eye (shapeshifter) (Vaults:5)
  5 ice beasts
  4 sky beasts
  2 phantoms
  6 black bears
  A necrophage (D:8)
  34 wolves
  A hornet zombie (D:8)
  A tengu (shapeshifter) (D:15)
  46 ogres
  13 boggarts
  22 centaurs
  12 crocodiles
  2 big kobolds
  8 gnoll sergeants (Bailey)
  A bullfrog (shapeshifter) (Vaults:5)
  21 bullfrogs
  A wyvern skeleton (D:6)
  9 scorpions
  A troll zombie (D:10)
  A water moccasin skeleton (D:8)
  9 wights
  4 electric eels
  6 howler monkeys
  6 centaur zombies
  14 crimson imps
  A quasit (D:11)
  2 draconian simulacra (IceCv)
  5 human zombies
  6 hounds
  8 jellies
  39 orc priests
  An iron imp (Depths:1)
  16 orc wizards
  2 bullfrog skeletons
  5 centaur skeletons
  6 gnoll shamans (Bailey)
  6 iguanas
  7 worker ants
  9 troll simulacra (IceCv)
  2 polar bear simulacra (IceCv)
  2 spriggan simulacra (IceCv)
  A killer bee zombie (D:6)
  5 ogre zombies (D:10)
  2 hound skeletons
  3 mummies
  24 gnolls
  20 adders
  2 naga simulacra (IceCv)
  2 ogre simulacra (IceCv)
  6 shadow imps
  16 white imps
  5 ufetubi
  An adder skeleton (D:4)
  An adder zombie (Ossuary)
  3 worms
  4 dart slugs
  4 leopard geckos
  130 orcs
  3 ball pythons
  11 giant cockroaches
  14 goblins
  6 hobgoblins
  11 jackals
  14 kobolds
  9 quokkas
  4 bats
  7 frilled lizards
  5 goblin zombies
  A hobgoblin skeleton (D:10)
  10 hobgoblin zombies
  A jackal zombie (Ossuary)
  13 kobold zombies
  An orc skeleton (D:10)
  22 orc zombies
  10 rats
  A rat zombie (Ossuary)
  7 briar patches
  5 fungi
  7 plants
2357 creatures vanquished.

Vanquished Creatures (collateral kills)
  An ancient lich (Zot:5)
  The ghost of temitten the Slayer, an adept MiMo of Cheibriados (Depths:1)
  A lich (Depths:4)
  An iron giant (Zot:1)
  Jorgrun (D:15)
  A tentacled monstrosity (Swamp:4)
  An Orb Guardian (Zot:5)
  A quicksilver dragon (Zot:5)
  A sphinx (Depths:4)
  Gastronok (Lair:3)
  A thorn hunter (Swamp:4)
  A frost giant (D:12)
  An orc warlord (Orc:2)
  2 very ugly things (Swamp:4)
  8 slime creatures (Swamp:4)
  A purple draconian (Zot:5)
  A yellow draconian (Zot:5)
  An ettin (Depths:4)
  A yaktaur captain (Vaults:5)
  A hydra (Swamp:4)
  2 alligators (Swamp:4)
  The ghost of SnubMonkey the Martial Artist, a novice GnTm of Cheibriados (D:12)
  2 orc high priests (Orc:2)
  A swamp dragon (Swamp:4)
  A large abomination (Swamp:4)
  An orc knight (Orc:1)
  An orb spider (Spider:1)
  An ugly thing (Swamp:4)
  A vault sentinel (Vaults:5)
  An efreet (D:12)
  A troll (Orc:2)
  A tengu conjurer (D:12)
  2 jumping spiders (Lair:2)
  A hornet (Swamp:4)
  A spriggan (Swamp:4)
  A redback (Lair:2)
  A basilisk (Lair:2)
  4 vampire mosquitoes (Swamp:4)
  4 wargs (Orc:2)
  A swamp worm (Swamp:4)
  7 orc warriors
  An ogre (D:12)
  A crocodile (Lair:2)
  A howler monkey (D:12)
  A crimson imp (D:12)
  9 orc priests (Orc:2)
  12 orcs
89 creatures vanquished.

Vanquished Creatures (others)
  A spectral centaur (D:13)
  A sky beast (D:11)
  A boggart (Vaults:3)
  A wolf (shapeshifter) (Vaults:5)
  An adder (D:12)
  A white imp (IceCv)
  3 briar patches (Swamp:4)
  2 fungi (Lair:4)
  4 plants
15 creatures vanquished.

Grand Total: 2461 creatures vanquished

Table legend:
 A = Turns spent in this place as a percentage of turns spent in the entire game.
 B = Non-inter-level travel turns spent in this place as a percentage of non-inter-level travel turns spent in the entire game.
 C = Inter-level travel turns spent in this place as a percentage of turns spent in this place.
 D = Turns resting spent in this place as a percentage of non-inter-level travel turns spent in this place.
 E = Turns spent auto-exploring this place as a percentage of non-inter-level travel turns spent in this place.
 F = Non-inter-level travel turns spent in this place divided by the number of levels of this place that you've seen.
                   A       B       C       D       E      F
               +-------+-------+-------+-------+-------+----------------------
         Total | 100.0 | 100.0 |   6.5 |  20.1 |  52.5 | 1216.6
       Dungeon |  30.0 |  29.2 |   9.1 |  16.2 |  61.3 | 1183.9
          Lair |  11.7 |  11.8 |   5.7 |  23.2 |  50.7 | 1192.0
         Swamp |   8.1 |   8.4 |   2.7 |  30.2 |  48.4 | 1283.8
   Spider Nest |   7.8 |   8.0 |   3.9 |  23.6 |  33.8 | 1216.8
  Orcish Mines |   3.2 |   3.4 |   2.1 |  22.5 |  45.9 | 1031.0
        Vaults |  14.7 |  14.4 |   8.3 |  16.1 |  55.0 | 1748.6
        Depths |  10.0 |   9.9 |   6.8 |  23.3 |  50.7 | 1208.4
           Zot |   9.7 |   9.8 |   6.1 |  16.7 |  61.8 | 1187.8
       Ossuary |   0.4 |   0.4 |   0.0 |   0.0 |   0.0 | 249.0
        Bailey |   0.8 |   0.9 |   0.0 |  19.7 |  32.5 | 548.0
      Ice Cave |   2.6 |   2.7 |   0.0 |  28.3 |  38.2 | 1667.0
      Gauntlet |   1.0 |   1.1 |   0.0 |  17.8 |   0.0 | 667.0
               +-------+-------+-------+-------+-------+----------------------

Table legend:
 A = Non-vault XP
 B = Vault XP
 C = Vault XP percentage of total XP
 D = Non-vault monster count
 E = Vault monster count
 F = Vault count percentage of total count
                 A         B        C        D         E       F
            +---------+---------+-------+---------+---------+-------
      Total |  768629 |  636277 |  45.3 |    1495 |     890 |  37.3
            +---------+---------+-------+---------+---------+-------
        D:1 |      33 |       7 |  17.5 |      18 |       4 |  18.2
        D:2 |     102 |       0 |   0.0 |      23 |       0 |   0.0
        D:3 |     177 |       0 |   0.0 |      29 |       0 |   0.0
        D:4 |     575 |     170 |  22.8 |      16 |       8 |  33.3
        D:5 |     751 |     208 |  21.7 |      26 |       1 |   3.7
        D:6 |     878 |     353 |  28.7 |      23 |       5 |  17.9
        D:7 |     435 |    2936 |  87.1 |      12 |      15 |  55.6
        D:8 |    1584 |     454 |  22.3 |      26 |       1 |   3.7
        D:9 |    2410 |     634 |  20.8 |      29 |       9 |  23.7
       D:10 |    1529 |     714 |  31.8 |      14 |      28 |  66.7
       D:11 |    4338 |    1844 |  29.8 |      45 |       8 |  15.1
       D:12 |    8716 |    2310 |  21.0 |      43 |       8 |  15.7
       D:13 |    7245 |    4391 |  37.7 |      36 |      10 |  21.7
       D:14 |    2712 |    5641 |  67.5 |      10 |      21 |  67.7
       D:15 |    6804 |    6852 |  50.2 |      26 |      21 |  44.7
     Lair:1 |    3353 |     890 |  21.0 |      14 |       1 |   6.7
     Lair:2 |    4505 |    3713 |  45.2 |      22 |      13 |  37.1
     Lair:3 |    1555 |    3131 |  66.8 |       7 |       8 |  53.3
     Lair:4 |    3727 |    8504 |  69.5 |      16 |      15 |  48.4
     Lair:5 |    3565 |       0 |   0.0 |      12 |       0 |   0.0
     Lair:6 |   12671 |    8552 |  40.3 |      46 |      47 |  50.5
    Swamp:1 |   15455 |       0 |   0.0 |      40 |       0 |   0.0
    Swamp:2 |   14181 |    1640 |  10.4 |      31 |       5 |  13.9
    Swamp:3 |   11387 |       0 |   0.0 |      35 |       0 |   0.0
    Swamp:4 |   18432 |   19119 |  50.9 |      46 |      30 |  39.5
   Spider:1 |   21300 |    1876 |   8.1 |      53 |       2 |   3.6
   Spider:2 |   12002 |    1973 |  14.1 |      39 |       7 |  15.2
   Spider:3 |   13172 |       0 |   0.0 |      42 |       0 |   0.0
   Spider:4 |   11437 |   19156 |  62.6 |      41 |      33 |  44.6
      Orc:1 |    3488 |       0 |   0.0 |      34 |       0 |   0.0
      Orc:2 |    6641 |    6675 |  50.1 |      41 |      65 |  61.3
   Vaults:1 |   18147 |   18016 |  49.8 |      31 |      34 |  52.3
   Vaults:2 |   32160 |   34309 |  51.6 |      72 |      40 |  35.7
   Vaults:3 |   41592 |   12951 |  23.7 |      70 |      26 |  27.1
   Vaults:4 |   23236 |   63359 |  73.2 |      47 |      77 |  62.1
   Vaults:5 |   28612 |  126937 |  81.6 |      40 |      83 |  67.5
   Depths:1 |   21598 |   15245 |  41.4 |      35 |      32 |  47.8
   Depths:2 |   32824 |       0 |   0.0 |      33 |       0 |   0.0
   Depths:3 |   27202 |     303 |   1.1 |      29 |       1 |   3.3
   Depths:4 |   21560 |    6154 |  22.2 |      25 |       1 |   3.8
   Depths:5 |   57156 |   21418 |  27.3 |      63 |      16 |  20.3
      Zot:1 |   38897 |   48988 |  55.7 |      28 |      32 |  53.3
      Zot:2 |   47041 |    4487 |   8.7 |      27 |       2 |   6.9
      Zot:3 |   57532 |       0 |   0.0 |      26 |       0 |   0.0
      Zot:4 |   73277 |       0 |   0.0 |      44 |       0 |   0.0
      Zot:5 |   52635 |  165846 |  75.9 |      30 |      41 |  57.7
    Ossuary |       0 |     211 | 100.0 |       0 |      39 | 100.0
     Bailey |       0 |    1211 | 100.0 |       0 |      30 | 100.0
      IceCv |       0 |    9101 | 100.0 |       0 |      58 | 100.0
   Gauntlet |       0 |    5998 | 100.0 |       0 |      13 | 100.0
            +---------+---------+-------+---------+---------+-------
